 Dungeon Crawl Stone Soup version 0.29.0-5-ge4962eb29e (webtiles) character file.

Game seed: 11730876907975011490

43 Renzlar the Shield-Bearer (level 3, 0/29 HPs)
             Began as a Formicid Fighter on Aug 30, 2022.
             Slain by Crazy Yiuf
             ... wielding a +2 quarterstaff of chaos
              (6 damage)
             ... on level 2 of the Dungeon.
             The game lasted 00:05:03 (1197 turns).

Renzlar the Shield-Bearer (Formicid Fighter)        Turns: 1197, Time: 00:05:03

Health: 0/29       AC:  8    Str: 22    XL:     3   Next: 82%
Magic:  3/3        EV:  9    Int:  7    God:
Gold:   37         SH:  5    Dex: 13    Spells: 2/2 levels left

rFire   . . .      SeeInvis +   a - +1 war axe
rCold   . . .      Faith    .   f - +0 buckler
rNeg    . . .      Spirit   .   b - +1 scale mail
rPois   .          Reflect  .   (helmet unavailable)
rElec   .          Harm     .   (no cloak)
rCorr   .          Rampage  .   (no gloves)
Will    .....                   (no boots)
Stlth   ..........              (no amulet)
HPRegen 0.09/turn               (no ring)
MPRegen 0.08/turn               (no ring)

@: no status effects
A: permanent stasis, dig shafts and tunnels, antennae 3, four strong arms
a: Dig, Shaft Self


You were on level 2 of the Dungeon.
You visited 1 branch of the dungeon, and saw 2 of its levels.

You collected 37 gold pieces.

Inventory:

Hand Weapons
 a - a +1 war axe (weapon)
 c - a +0 sling
Armour
 b - a +1 scale mail (worn)
 f - a +0 buckler (worn)
Scrolls
 g - a scroll of silence
 h - a scroll of fog
 j - a scroll of enchant armour
 k - a scroll of enchant weapon
Potions
 d - a potion of might
 e - a potion of curing
 i - a potion of mutation {unknown}


   Skills:
 + Level 3.5 Fighting
 * Level 2.9 Axes
 * Level 0.2 Ranged Weapons
 + Level 3.8 Armour
 + Level 4.3 Shields


You had 2 spell levels left.
You didn't know any spells.
Your spell library contained the following spells:

 Spells                   Type           Power      Damage    Failure   Level
 Beastly Appendage        Tmut           0%         N/A       82%         1
 Wereblood                Tmut           0%         N/A       91%         2
 Spider Form              Tmut/Pois      0%         N/A       99%         3


Dungeon Overview and Level Annotations

Branches:
Dungeon (2/15)

Altars:
Trog

Annotations:
D:2 Crazy Yiuf


Innate Abilities, Weirdness & Mutations

You cannot be hasted, slowed, berserked, paralysed or teleported.
You can dig through walls and to a lower floor.
You have a pair of large antennae on your head. (SInv)
Your four strong arms can wield two-handed weapons with a shield.


Message History

You sense a monster nearby.
Found a stone staircase leading up.
You now have 37 gold pieces (gained 8).
k - a scroll of enchant weapon You pick up a book of Changes and begin reading...
You add the spells Beastly Appendage, Wereblood and Spider Form to your library.
You see here a +0 spear.
There is a stone staircase leading up here.
You see here a +0 dagger.
Found 4 stones.
You see here 4 stones.
Found a hammer.
Found two hammers.
a - a +1 war axe (weapon)
You see here a +0 hammer.
You see here a +0 hammer.
Found seven hammers.
Found a runed translucent door.
You see here a +0 hammer.
Found a hammer.
You see here a +0 hammer.
You see here a +0 hammer.
Found three hammers.
You see here a +0 hammer.
Press: ? - help, v - describe, . - travel, g - get item
Here: Crazy Yiuf, wielding a +2 quarterstaff of chaos, wearing a +0 cloak and carrying a wand of flame (20) (fire blocked by a runed translucent door) Item here: a hammer.
The floor.
As you open the door, it creaks loudly!
Crazy Yiuf says, "East!"
Crazy Yiuf zaps a wand.
The puff of flame hits you!
Crazy Yiuf grits, "Snoogle horse light!"
Crazy Yiuf hits you with a +2 quarterstaff of chaos!
There is an open translucent door here.
You barely miss Crazy Yiuf. You block Crazy Yiuf's attack.
Crazy Yiuf zaps a wand.
The puff of flame hits you!
* * * LOW HITPOINT WARNING * * *
You hit Crazy Yiuf.
Crazy Yiuf is lightly wounded.
Crazy Yiuf hits you with a +2 quarterstaff of chaos.
You die...

#.# #.# #.# #.##.#. #.#
#.# #.# #.##.#. #.# #?#
#.# #.##... ### ###
#.###.####. #.....# #.
#.##### #) ###### ####
#.# #. ##..#.## ###)))#
#.# #.
#....P.####)@g).# ###
#. #....PP)#))##)))# #.
#...#.)#)### #### #.
##.####### ########.
#.# #........ #.#
###############.#######
#.####..........(.##.#
#..........##.##.###.#
######...#.##.##.# #.#


You could see Crazy Yiuf.

Vanquished Creatures
  A worm (D:2)
  4 ball pythons (D:1)
  2 endoplasms (D:1)
  A giant cockroach (D:2)
  3 goblins
  6 hobgoblins
  3 jackals (D:2)
  2 quokkas
  2 bats
  A frilled lizard (D:1)
  4 kobolds (D:1)
  7 rats (D:1)
  A spectral hobgoblin (D:2)
37 creatures vanquished.

Notes
Turn   | Place    | Note
-------+----------+-------------------------------------------
     0 | D:1      | Renzlar the Formicid Fighter began the quest for the Orb.
     0 | D:1      | Reached XP level 1. HP: 18/18 MP: 1/1
    59 | D:1      | Reached XP level 2. HP: 19/24 MP: 2/2
   288 | D:1      | Reached XP level 3. HP: 29/29 MP: 3/3
   834 | D:2      | Found a faded altar of an unknown god.
   988 | D:2      | Found a bloodstained altar of Trog.
  1190 | D:2      | Found a runed translucent door.
  1191 | D:2      | Noticed Crazy Yiuf
  1197 | D:2      | Slain by Crazy Yiuf

Illustrated notes

Levels and vault maps discovered:
D:1:      dpeg_arrival_signposts, layout_rooms, minmay_curled_crystal
D:2:      layout_loops_ring, dreamdust_ecumenical_altar_drowned_temple,
          basic_altar, uniq_crazy_yiuf_cottage

Action                   || total
-------------------------++-------
Melee: War axe           ||    95
 Fire: Sling             ||    10
  Use: Scroll            ||     8
Armor: Scale mail        ||    53
Dodge: Dodged            ||    36
Block: Buckler           ||    28
